Map: Abyssal Reef LE

Players

herO

  • Race: Protoss Protoss
  • Spawn Location: 11:00

Snute - Winner!

  • Race: Zerg Zerg
  • Spawn Location: 5:00

Event: IEM XI Katowice - World Championship 2017

VOD

Have the link to the VOD?

Description

Time

  • Played on: March 1, 2017, 8:17 p.m.
  • Length: 6:26

All games in this series

Show
View Real Time Build Order
Export as new Build Order

herO Protoss 

Build Orders: Nexus First 

Get SALT Encoding   

  12  0:00  Probe (Chrono Boost)  
  13  0:11  Probe (Chrono Boost)  
  14  0:17  Pylon  
  14  0:22  Probe (Chrono Boost)  
  15  0:35  Probe (Chrono Boost)  
  16  0:46  Probe (Chrono Boost)  
  17  0:57  Nexus  
  17  1:07  Gateway  
  17  1:10  Probe (Chrono Boost)  
  18  1:15  Assimilator  
  18  1:20  Probe (Chrono Boost)  
  18  1:24  Assimilator  
  19  1:31  Probe (Chrono Boost)  
  20  1:35  Gateway  
  20  1:41  Probe (Chrono Boost)  
  21  1:52  Probe (Chrono Boost)  
  21  1:54  Cybernetics Core  
  22  2:02  Probe (Chrono Boost)  
  23  2:09  Probe (Chrono Boost)  
  23  2:13  Probe (Chrono Boost)  
  25  2:20  Probe (Chrono Boost)  
  26  2:24  Probe (Chrono Boost)  
  26  2:26  Warp Gate, Stalker x2  
  27  2:33  Probe (Chrono Boost)  
  27  2:36  Probe (Chrono Boost)  
  33  2:41  Stargate  
  34  2:45  Probe (Chrono Boost)  
  34  2:48  Probe (Chrono Boost)  
  35  2:53  Pylon  
  35  2:56  Probe (Chrono Boost)  
  36  2:58  Probe (Chrono Boost)  
  36  3:04  Twilight Council  
  37  3:06  Robotics Facility  
  37  3:09  Probe (Chrono Boost)  
  37  3:11  Probe (Chrono Boost)  
  39  3:20  Probe (Chrono Boost)  
  39  3:22  Probe (Chrono Boost)  
  45  3:31  Pylon, Probe (Chrono Boost)  
  42  3:45  Gateway  
  42  3:47  Gateway  
  42  3:48  Gateway  
  43  3:56  Mothership Core (Chrono Boost)  
  43  3:58  Adept x2  
  43  4:02  Pylon  
  44  4:08  Immortal  
  37  4:42  Warp Prism  
  39  4:53  Adept x4  
  47  5:13  Zealot, Adept x3  
  47  5:14  Zealot  
  57  5:16  Pylon  
  57  5:21  Pylon  
  56  5:40  Zealot x5  
  62  6:04  Zealot x5  
  62  6:09  Zealot  
  62  6:10  Zealot x4  
Show
View Real Time Build Order
Export as new Build Order

Snute Zerg - Winner!

Build Orders: Hatch First 

Get SALT Encoding   

  12  0:00  Drone  
  13  0:12  Overlord  
  13  0:16  Drone  
  14  0:30  Drone x2  
  14  0:34  Drone  
  17  0:51  Hatchery  
  17  0:54  Drone  
  17  0:57  Drone  
  17  1:00  Extractor  
  17  1:13  Spawning Pool  
  17  1:15  Drone  
  17  1:19  Drone  
  18  1:27  Drone  
  19  1:38  Overlord  
  19  1:48  Drone  
  20  1:59  Queen  
  20  2:00  Metabolic Boost  
  22  2:01  Drone  
  22  2:03  Queen  
  22  2:07  Zergling x2  
  26  2:11  Drone  
  26  2:14  Drone  
  28  2:21  Drone  
  29  2:25  Drone  
  30  2:32  Drone  
  30  2:36  Drone  
  32  2:39  Hatchery  
  31  2:44  Overlord  
  31  2:49  Queen  
  33  2:54  Drone  
  33  2:55  Drone  
  33  2:58  Overlord  
  34  3:06  Zergling x2  
  34  3:08  Zergling x6  
  34  3:09  Zergling x2  
  34  3:11  Zergling x2  
  34  3:12  Zergling x2  
  41  3:14  Zergling x2  
  41  3:17  Zergling x2  
  44  3:20  Zergling x2  
  44  3:23  Queen  
  46  3:31  Overlord  
  46  3:32  Drone  
  47  3:40  Drone x2  
  47  3:41  Drone x3  
  51  3:47  Overlord  
  52  3:51  Drone x2  
  52  3:52  Drone x2  
  55  3:57  Drone  
  55  3:59  Queen  
  57  4:06  Drone  
  57  4:09  Spore Crawler  
  58  4:10  Drone x3  
  58  4:11  Drone  
  58  4:12  Drone  
  58  4:13  Drone  
  62  4:18  Drone  
  62  4:21  Drone  
  62  4:22  Spore Crawler  
  61  4:26  Drone  
  61  4:30  Roach Warren  
  61  4:31  Drone x2  
  60  4:33  Drone x3  
  60  4:35  Overlord  
  60  4:37  Overlord  
  63  4:39  Spore Crawler  
  63  4:43  Zergling x4  
  63  4:44  Zergling x6  
  67  4:51  Overlord  
  66  5:04  Overlord  
  66  5:05  Overlord  
  66  5:09  Extractor  
  66  5:10  Extractor, Drone x2  
  66  5:11  Roach x5  
  66  5:13  Drone  
  66  5:14  Zergling x4, Drone x2  
  79  5:19  Drone  
  79  5:20  Roach  
  84  5:23  Drone  
  84  5:27  Drone  
  85  5:35  Roach  
  87  5:36  Zergling x14  
  94  5:43  Evolution Chamber  
  94  5:45  Evolution Chamber  
  94  5:46  Zergling x4  
  94  5:47  Zergling x4  
  94  5:50  Zergling x2  
  94  5:53  Zergling x4  
  96  5:59  Zergling x2  
  96  6:03  Zergling x10  
  99  6:05  Zergling x10  

Tags
 
Add a new tag
Caveats
  • Supply blocks, unpowered buildings, or Contaminate may cause inaccurate times.
  • Supply counts are checked every 10 seconds.